 Dungeon Crawl Stone Soup version 0.24-a0-335-g06ca16a (webtiles) character file.

Game seed: 4907401765781312671

225 Inarius the Skirmisher (level 5, -4/46 HPs)
             Began as a Centaur Fighter on May 19, 2019.
             Slain by Natasha (6 damage)
             ... on level 3 of the Dungeon.
             The game lasted 00:03:14 (2189 turns).

Inarius the Skirmisher (Centaur Fighter)            Turns: 2189, Time: 00:03:15

Health: -4/46      AC: 10    Str: 20    XL:     5   Next: 68%
Magic:  5/5        EV:  3    Int:  7    God:
Gold:   188        SH:  8    Dex:  8    Spells: 4/4 levels left

rFire    . . .     SeeInvis .   a - +0 trident
rCold    . . .     Gourm    .   c - +0 shield
rNeg     . . .     Faith    .   j - +0 chain mail
rPois    .         Spirit   .   (no helmet)
rElec    .         Reflect  .   q - scarf {repulsion}
rCorr    .         Harm     .   v - +1 pair of gloves
MR       .....                  (no barding)
Stlth    ..........             (no amulet)
HPRegen  0.15/turn              (no ring)
MPRegen  0.09/turn              (no ring)

@: slowed, repel missiles
A: large, hooves 3, deformed body, speed 2, tough skin 3
a: no special abilities


You were on level 3 of the Dungeon.
You were not hungry.

You visited 1 branch of the dungeon, and saw 3 of its levels.

You collected 188 gold pieces.

Inventory:

Hand Weapons
 a - a +0 trident (weapon)
Armour
 c - a +0 shield (worn)
 j - a +0 chain mail (worn)
 q - a scarf of repulsion (worn)
 v - a +1 pair of gloves (worn)
Wands
 r - a wand of polymorph (9)
Scrolls
 e - 2 scrolls of identify {unknown}
 g - a scroll of amnesia {unknown}
 h - a scroll of immolation {unknown}
 i - 2 scrolls of blinking {unknown}
 n - a scroll of magic mapping {unknown}
 u - 2 scrolls of fog {unknown}
Potions
 b - a potion of heal wounds {unknown}
 d - a potion of might
 k - a potion of ambrosia {unknown}
 m - a potion of berserk rage {unknown}
 o - a potion of mutation {unknown}
 p - 3 potions of curing {unknown}
 s - a potion of brilliance {unknown}
 t - a potion of degeneration {unknown}
Comestibles
 f - 4 rations
 l - 2 chunks of flesh


   Skills:
 * Level 4.0 Fighting
 * Level 3.7 Polearms
 + Level 2.7 Armour
 + Level 0.3 Dodging
 + Level 2.7 Shields
 * Level 0.7 Evocations


You had 4 spell levels left.
You didn't know any spells.
Your spell library was empty.

Dungeon Overview and Level Annotations

Branches:
Dungeon (3/15)

Altars:
Dithmenos
Ru
Xom

Annotations:
D:3 Natasha


Innate Abilities, Weirdness & Mutations

You have hooves in place of feet.
Armour fits poorly on your strangely shaped body.
You cover ground very quickly.
You have extremely tough skin. (AC +3)


Message History

Natasha casts a spell.
The kobold throws a stone.
You block the stone.
Things that are here:
a stone; a wand of paralysis (9)
The white imp gestures at you. The puff of frost hits you.
* * * LOW HITPOINT WARNING * * *
You see here 18 gold pieces.
The white imp grins evilly.
The white imp gestures at you. The puff of frost hits you!
* * * LOW HITPOINT WARNING * * *
Natasha mumbles some strange words.
You feel troubled.
The kobold throws a stone.
The stone barely misses you.
You see here a stone.
Okay, then.
Some of the chunks of flesh in your inventory have rotted away.
Natasha claws you.
You die...

#... #...# ##...## .
###.###...# ##l....##.#
#)..#..#######.......#.#
##<##............_.....
#######.###.###...#...5...#
........###.###l####.(...#
. ##♣♣..♣.....#... ..##...#
.. ♣.≈♣♣#.###.# #.##5##.#
♣≈ #...@.# #.......# P≈
#.###h# #(.5....# ♣♣
♣♣♣##.# #$§#.####
♣P...#####..#...
.≈≈≈..#....5(K.#####
♣≈♣P≈#########.######## ♣♣♣
#......... ##########


You could see Natasha and a frilled lizard.

Vanquished Creatures
  An iron imp (D:3)
  Natasha (twice) (D:3)
  Terence (D:3)
  3 gnolls (D:2)
  2 adders
  3 worms (D:2)
  A dart slug (D:1)
  4 leopard geckos
  A ball python (D:2)
  3 giant cockroaches
  2 goblins
  6 hobgoblins
  10 jackals
  7 bats
  4 frilled lizards
  5 kobolds
  6 rats
61 creatures vanquished.

Notes
Turn   | Place    | Note
-------+----------+-------------------------------------------
     0 | D:1      | Inarius the Centaur Fighter began the quest for the Orb.
     0 | D:1      | Reached XP level 1. HP: 19/19 MP: 1/1
    99 | D:1      | Reached XP level 2. HP: 24/26 MP: 2/2
   783 | D:2      | Reached XP level 3. HP: 25/31 MP: 3/3
   996 | D:2      | Reached XP level 4. HP: 10/40 MP: 4/4
  1383 | D:2      | Found a faded altar of an unknown god.
  1604 | D:2      | Found a shadowy altar of Dithmenos.
  1646 | D:3      | Noticed Terence
  1650 | D:3      | Killed Terence
  1794 | D:3      | Reached XP level 5. HP: 31/46 MP: 5/5
  1897 | D:3      | Found a sacrificial altar of Ru.
  1899 | D:3      | Noticed Grinder
  1901 | D:3      | Noticed Grinder
  1901 | D:3      | Grinder changed into Grinder the iron imp
  1908 | D:3      | Killed Grinder the iron imp
  1908 | D:3      | Reached skill level 4 in Fighting
  1930 | D:3      | Noticed Natasha
  1941 | D:3      | Killed Natasha
  1945 | D:3      | Noticed Natasha
  1950 | D:3      | Killed Natasha
  2161 | D:3      | Noticed Natasha
  2164 | D:3      | Found a shimmering altar of Xom.
  2180 | D:3      | HP: 1/46 [white imp/puff of frost[Natasha] (8)]
  2189 | D:3      | Slain by Natasha

Levels and vault maps discovered:
D:1:      minmay_arrival_up_and_down, layout_basic
D:2:      layout_rooms, marbit_many_paths,
          chequers_ecumenical_altar_simple_redux, minmay_misc_feat_square
D:3:      layout_loops_ring, lemuel_round_altar, lemuel_crystal_altar,
          first_ration, serial_bayou_crossing, uniq_grinder, uniq_natasha,
          uniq_terence

Skill      XL: |  1  2  3  4  5 |
---------------+----------------+-----
Polearms       | 2 3 |  3.7
Fighting       | 4 |  4.0
Armour         | |  2.7
Dodging        | |  0.3
Shields        | |  2.7
Evocations     | |  0.7

Action                   |  1- 3 |  4- 6 || total
-------------------------+-------+-------++-------
Melee: Trident           |    98 |   110 ||   208
       Kick              |    13 |    19 ||    32
Evoke: Wand              |       |     1 ||     1
  Eat: Chunk             |       |     3 ||     3
Armor: Scale mail        |    23 |       ||    23
       Chain mail        |    28 |    59 ||    87
Dodge: Dodged            |    10 |    15 ||    25
       Deflected         |       |     3 ||     3
Block: Shield            |    30 |    57 ||    87

Table legend:
 A = Non-vault XP
 B = Vault XP
 C = Vault XP percentage of total XP
 D = Non-vault monster count
 E = Vault monster count
 F = Vault count percentage of total count
                 A         B        C        D         E       F
            +---------+---------+-------+---------+---------+-------
      Total |     205 |     117 |  36.3 |      57 |       4 |   6.6
            +---------+---------+-------+---------+---------+-------
        D:1 |      38 |       0 |   0.0 |      22 |       0 |   0.0
        D:2 |     102 |       2 |   1.9 |      25 |       1 |   3.8
        D:3 |      65 |     115 |  63.9 |      10 |       3 |  23.1
            +---------+---------+-------+---------+---------+-------
